[Event "FIDE WSTC Open 50 2025"]
[Site "Prague"]
[Date "2025.02.19"]
[Round "3.2"]
[White "Czebe, Attila"]
[Black "Conquest, Stuart C"]
[Result "0-1"]
[Annotator "TA"]
[ECO "D20"]
[WhiteElo "2255"]
[BlackElo "2513"]
[PlyCount "100"]
[EventDate "2025.02.17"]
[EventType "team-tourn"]
[EventCountry "CZE"]
[SourceTitle "playchess.com"]
[Source "ChessBase"]
[SourceQuality "1"]
[TimeControl "40/5400+30:1800+30"]

1. d4 d5 2. c4 dxc4 3. e3 e5 4. Bxc4 Nc6 5. Nf3 e4 6. Nfd2 {[%emt 0:00:24] D20: Queen's Gambit Accepted: 3 e3 and 3 e4.} Qg5 7. Nxe4 Qxg2 8. Ng3 {[%emt 0:01:16] White has an edge.} Nf6 9. Nc3 {[%emt 0:01:53] Black must now prevent Bf1.} Bb4 (9... Bg4 $11 10. Qb3 (10. Bf1 Qxh1 11. Qb3 Qxh2 $19) 10... O-O-O) 10. Bf1 $14 Qd5 11. a3 Bxc3+ 12. bxc3 Bg4 $132 {[%emt 0:04:51][%mdl 2048] Black has counterplay} 13. Qc2 (13. c4 Qxh1 14. Nxh1 Bxd1 15. Kxd1 Ne4 $17) 13... O-O-O $146 (13... O-O 14. c4 Nxd4 15. exd4 Rfe8+ 16. Be2 Rxe2+ 17. Qxe2 Qxd4 18. Bb2 Qb6 19. Qd2 Re8+ {1-0 Riazantsev,A (2616)-Orozbaev,E (2305) Wch Rapid Samarkand 2023 (9)}) 14. Rg1 $2 {[%emt 0:00:50] [#]} (14. Bd3 $11 {and White has nothing to worry.}) 14... Ne5 $1 $19 15. Bg2 Nf3+ 16. Bxf3 Qxf3 {[%emt 0:00:32] Black attacks} (16... Bxf3 17. Qf5+ Kb8 18. Qxd5 Bxd5 19. a4) 17. Qe2 {[%emt 0:12:59] White is weak on the light squares} Qc6 18. Qd3 Rhe8 19. Bd2 Be6 20. Nf1 (20. f3 $142 Qxf3 21. a4) 20... g6 21. Qe2 Bc4 22. Qd1 h5 23. f3 Nd5 24. Kf2 f5 25. h4 Re6 26. Ng3 $2 (26. Qc2) 26... Rf8 27. Qc1 (27. Re1) 27... Qe8 28. a4 $2 (28. Rh1) 28... Rf7 29. Nf1 a5 30. Rg5 Rfe7 31. Rb1 b6 32. Qd1 Qd7 33. Qc2 Qd6 {[%emt 0:00:16] Hoping for ...Bxf1.} 34. Rg2 Re8 35. Re1 Qe7 36. Rh2 Kb8 37. Kg1 Ka7 38. Qc1 {[%emt 0:00:12] [#]} (38. e4 {was called for.} fxe4 39. fxe4) 38... Nf4 $1 39. Qb1 (39. exf4 Rxe1 40. Qxe1 Qxe1 41. Bxe1 Rxe1) (39. Qd1 Nd3) 39... Nd5 40. Qc1 $1 Qd7 41. Ng3 Nf6 42. Ne2 Nd5 (42... Qc6 43. d5 Qxd5 (43... Nxd5 $2 44. Nd4 $19)) 43. Ng3 $1 f4 (43... Qxa4 44. e4 fxe4 45. fxe4 $19) 44. exf4 Rxe1+ ({Much less strong is} 44... Qxa4 45. Re5 $19) 45. Bxe1 Qxa4 46. Ne4 Bd3 47. Rg2 $2 (47. c4 Qxc4 (47... Bxc4 $2 48. Rc2 $19) 48. Qxc4 Bxc4 49. Kf2) 47... Bxe4 {[%emt 0:01:06] Black is clearly winning.} 48. fxe4 Rxe4 49. Bd2 Qe8 50. Rg5 {[%emt 0:01:52] [#]} Nxf4 $1 {[%emt 0:00:42][%mdl 512] Weighted Error Value: White=0.54/Black=0.48  Mistake:       	White=7     	Black=2      Inaccurate:     	White=2     	Black=2      OK:         	White=11    	Black=17     Best:        	White=3     	Black=4      Strong:       	White=2     	---        Brilliant:      	---       	Black=1} 0-1

[Event "FIDE WSTC Open 50 2025"]
[Site "Prague"]
[Date "2025.02.19"]
[Round "3.3"]
[White "Wells, Peter K"]
[Black "Varga, Zoltan"]
[Result "0-1"]
[Annotator "RC"]
[ECO "D20"]
[WhiteElo "2358"]
[BlackElo "2301"]
[PlyCount "70"]
[EventDate "2025.02.17"]
[EventType "team-tourn"]
[EventCountry "CZE"]
[SourceTitle "playchess.com"]
[Source "ChessBase"]
[SourceQuality "1"]
[TimeControl "40/5400+30:1800+30"]

1. d4 d5 2. c4 dxc4 3. e4 Nf6 4. e5 Nd5 5. Bxc4 Nb6 6. Bd3 Nc6 7. Be3 Nb4 8. Be4 f5 9. a3 N4d5 10. Bxd5 Qxd5 11. Nf3 Be6 12. Nc3 Qd7 13. O-O Bc4 14. e6 Qxe6 15. Re1 c6 16. Bf4 Qg8 17. Qc2 g6 18. Be5 Bg7 19. a4 a5 20. Rab1 Nd5 21. Nxd5 Bxd5 22. Nd2 Qf7 23. b4 Bxe5 24. Rxe5 axb4 25. Rxb4 e6 26. Qc5 Qe7 27. Qxe7+ Kxe7 28. Rxb7+ Kf6 29. Rb4 Rhb8 30. Rxb8 Rxb8 31. f4 Rb4 32. Kf2 Rxd4 33. Ke3 Rxa4 34. g3 c5 35. Kd3 g5 0-1

[Event "FIDE WSTC Open 50 2025"]
[Site "Prague"]
[Date "2025.02.19"]
[Round "3.4"]
[White "Krizsany, Laszlo"]
[Black "Hebden, Mark L"]
[Result "0-1"]
[Annotator "RC"]
[ECO "E61"]
[WhiteElo "2303"]
[BlackElo "2363"]
[PlyCount "70"]
[EventDate "2025.02.17"]
[EventType "team-tourn"]
[EventCountry "CZE"]
[SourceTitle "playchess.com"]
[Source "ChessBase"]
[SourceQuality "1"]
[TimeControl "40/5400+30:1800+30"]

1. d4 Nf6 2. c4 g6 3. Nc3 Bg7 4. g3 O-O 5. Bg2 d6 6. e3 e5 7. Nge2 Re8 8. O-O e4 9. Qc2 Bf5 10. h3 h5 11. b3 c6 12. Ba3 Na6 13. Qd2 Qd7 14. Kh2 Nc7 15. d5 c5 16. Bb2 Qe7 17. Rae1 Rab8 18. Ba1 b5 19. Nxb5 Nxb5 20. cxb5 Rxb5 21. Rc1 Nd7 22. Bxg7 Kxg7 23. Nc3 Rb4 24. Qc2 Qe5 25. Rfd1 Nf6 26. Ne2 a5 27. Qd2 a4 28. Rc4 Rxc4 29. bxc4 Rb8 30. Rc1 a3 31. Nc3 h4 32. Rb1 hxg3+ 33. fxg3 Rh8 34. Ne2 Bxh3 35. Bxh3 Ng4+ 0-1

[Event "FIDE WSTC Open 50 2025"]
[Site "Prague"]
[Date "2025.02.19"]
[Round "3.5"]
[White "Wang, Pin"]
[Black "Hjartarson, Johann"]
[Result "0-1"]
[Annotator "TA"]
[ECO "B06"]
[WhiteElo "2389"]
[BlackElo "2464"]
[PlyCount "82"]
[EventDate "2025.02.17"]
[EventType "team-tourn"]
[EventCountry "CZE"]
[SourceTitle "playchess.com"]
[Source "ChessBase"]
[SourceQuality "1"]
[TimeControl "40/5400+30:1800+30"]

1. e4 g6 2. d4 Bg7 3. Nc3 d6 4. Be3 a6 5. g4 b5 6. Bg2 {[%cal Oe4e5] B06: Modern Defence.} Bb7 7. h4 h6 8. Nge2 {[%emt 0:02:24] White is slightly better.} Nf6 9. Ng3 b4 $146 (9... h5 10. gxh5 Nxh5 11. Nxh5 Rxh5 12. Bf3 Rh8 13. h5 b4 14. Na4 gxh5 15. e5 Qc8 {0-1 Milosevic,A (2114)-Pikula,D (2289) SRB-chT 1st League CS 2022 (7.6)}) 10. Nb1 (10. Nd5 $14) 10... h5 11. gxh5 Nxh5 12. Nxh5 Rxh5 13. Bf3 Rh8 {[%emt 0:01:17][%cal Oc7c5] [#]} 14. e5 Qc8 $11 15. e6 fxe6 16. Rg1 {[%emt 0:05:01] White sacrificed a pawn} (16. c3 $15) 16... Rxh4 (16... c5 $1 $17 {[%cal Rc5d4] Strongly threatening ...cxd4.} 17. Rxg6 Bf6 (17... cxd4 18. Bg5 $11)) 17. Rxg6 Kf7 (17... Bf8 $11) 18. Rg3 ({White should play} 18. Rg1 $1 $16) 18... Nd7 ({Black should try} 18... Nc6 $1 $14) 19. Qd3 $1 $16 Nf8 {[%emt 0:01:59] Dodges Qg6+} 20. Nd2 (20. Qe2 $16) 20... Bxf3 $11 21. Rxf3+ (21. Nxf3 $11 {is more appropriate.} Rh1+ 22. Ng1) 21... Ke8 (21... Bf6 $1 $15) 22. O-O-O Qb7 23. Bg5 (23. Rg3 $1 $11 {remains equal.} Bf6 24. Nf3) 23... Rg4 $17 (23... Rxd4 24. Rxf8+ Kxf8 25. Qg6 Rg4) 24. Rg3 Rxg3 (24... Rxd4 {with more complications.} 25. Qe2 Be5 26. Rgg1 Bf4) 25. Qxg3 {[%emt 0:04:01][%cal Og5e7] [#]} Qd5 $1 26. Nf3 Qxa2 (26... Bh8 $5) 27. Bxe7 Bh6+ 28. Bg5 Bxg5+ 29. Nxg5 {[%emt 0:00:30] and Qf3 should not be overlooked} Qa1+ 30. Kd2 Qxb2 31. Qf4 {[%emt 0:00:21] This move loses the game for White.} (31. Qf3 $17 Qc3+ (31... Qxd4+ 32. Ke2 $14) 32. Qxc3 bxc3+ 33. Kxc3) 31... Kd7 $19 32. Nxe6 (32. Qe3 $142) 32... Nxe6 33. Qf7+ {[%emt 0:00:09] [#]} Kc6 $1 34. d5+ Kb6 {[%emt 0:00:37] ( -> ...Qc3+)} (34... Kxd5 35. Qf3+ Kc4 36. Qxa8 $17) 35. Qxe6 {[%emt 0:00:16][%mdl 4096] Endgame KQR-KQR. Black is a pawn up.} Qc3+ {[%emt 0:00:29] Black is clearly winning.} 36. Kc1 Rf8 37. Qe2 Qa1+ 38. Kd2 Qd4+ 39. Ke1 Qc3+ 40. Kf1 Qh3+ 41. Ke1 Qh1+ {[%emt 0:30:25] Weighted Error Value: White=0.48/Black=0.22 (precise)   Loses game:     	White=1     	---        Mistake:       	White=8     	Black=4      Inaccurate:     	White=1     	Black=3      OK:         	White=5     	Black=12     Best:        	White=5     	Black=4      Strong:       	---       	Black=2} 0-1

[Event "FIDE WSTC Open 50 2025"]
[Site "Prague"]
[Date "2025.02.19"]
[Round "3.6"]
[White "Petursson, Margeir"]
[Black "Ning, Chunhong"]
[Result "1/2-1/2"]
[Annotator "RC"]
[ECO "D30"]
[WhiteElo "2403"]
[BlackElo "2257"]
[PlyCount "146"]
[EventDate "2025.02.17"]
[EventType "team-tourn"]
[EventCountry "CZE"]
[SourceTitle "playchess.com"]
[Source "ChessBase"]
[SourceQuality "1"]
[TimeControl "40/5400+30:1800+30"]

1. d4 d5 2. c4 e6 3. Nf3 Nf6 4. g3 Bb4+ 5. Bd2 Be7 6. Bg2 O-O 7. O-O dxc4 8. Qc2 a6 9. a4 Nbd7 10. Na3 c5 11. Nxc4 cxd4 12. Ba5 Qe8 13. Nxd4 Nd5 14. e4 Nb4 15. Qc3 Nc6 16. Nxc6 bxc6 17. e5 Bb7 18. Bc7 f6 19. Na5 Qc8 20. Nxc6 Bc5 21. Qxc5 Nxc5 22. Ne7+ Kf7 23. Nxc8 Raxc8 24. Bd6 Bxg2 25. Kxg2 Rfd8 26. Bxc5 Rxc5 27. exf6 Kxf6 28. Rac1 Rxc1 29. Rxc1 Rb8 30. Rc6 a5 31. Rc5 Rxb2 32. Rxa5 Ra2 33. h4 h5 34. Kf3 Ra3+ 35. Ke4 Ra2 36. Ra8 Kg6 37. Ke3 Kf6 38. Rf8+ Kg6 39. Rf4 e5 40. Rb4 Kf5 41. Rb7 Ra3+ 42. Ke2 Ra2+ 43. Kf1 g5 44. Rb4 gxh4 45. Rxh4 Kg5 46. Kg2 Ra3 47. Rb4 Kf5 48. Rc4 Ra2 49. Rb4 Ra3 50. Kh3 Ra2 51. f3 Ra3 52. f4 exf4 53. Rxf4+ Kg5 54. Rb4 Ra2 55. Rb5+ Kg6 56. a5 Ra4 57. Rb6+ Kg5 58. Ra6 Kf5 59. Ra8 Kg6 60. a6 Kg7 61. Kg2 Ra3 62. Kf2 Kh7 63. a7 Kg7 64. Ke2 Kh7 65. Kd2 Kg7 66. Kc2 Kh7 67. Kb2 Ra5 68. Kc3 Kg7 69. Kb4 Ra1 70. Kc5 Rc1+ 71. Kd6 Rd1+ 72. Ke6 Ra1 73. Ke5 Ra5+ 1/2-1/2

[Event "FIDE WSTC Open 50 2025"]
[Site "Prague"]
[Date "2025.02.19"]
[Round "3.7"]
[White "Guo, Yun"]
[Black "Thorhallsson, Throstur"]
[Result "0-1"]
[Annotator "RC"]
[ECO "B28"]
[WhiteElo "2213"]
[BlackElo "2394"]
[PlyCount "76"]
[EventDate "2025.02.17"]
[EventType "team-tourn"]
[EventCountry "CZE"]
[SourceTitle "playchess.com"]
[Source "ChessBase"]
[SourceQuality "1"]
[TimeControl "40/5400+30:1800+30"]

1. e4 c5 2. Nf3 a6 3. Nc3 b5 4. d4 cxd4 5. Nxd4 Bb7 6. a3 d6 7. Bd3 Nf6 8. O-O g6 9. Re1 Bg7 10. Bf1 O-O 11. Nb3 Nbd7 12. f4 Rc8 13. g3 h5 14. Bg2 Ng4 15. Qe2 Qb6+ 16. Be3 Nxe3 17. Qxe3 Bxc3 18. bxc3 Rxc3 19. Qxb6 Nxb6 20. Ra2 Rfc8 21. Re2 Nc4 22. Kf2 e5 23. a4 b4 24. a5 Bc6 25. Bf1 Bb5 26. Na1 h4 27. Re1 hxg3+ 28. hxg3 Kg7 29. Bxc4 R8xc4 30. Rb2 Bc6 31. fxe5 dxe5 32. Reb1 Rxe4 33. Rxb4 Rf3+ 34. Kg1 Rxg3+ 35. Kf1 Rf3+ 36. Kg1 Re2 37. Rb6 Be4 38. R6b4 Rf4 0-1

[Event "FIDE WSTC Open 50 2025"]
[Site "Prague"]
[Date "2025.02.19"]
[Round "3.8"]
[White "Olafsson, Helgi"]
[Black "Liu, Shilan"]
[Result "1-0"]
[Annotator "TA"]
[ECO "A05"]
[WhiteElo "2466"]
[BlackElo "2093"]
[PlyCount "87"]
[EventDate "2025.02.17"]
[EventType "team-tourn"]
[EventCountry "CZE"]
[SourceTitle "playchess.com"]
[Source "ChessBase"]
[SourceQuality "1"]
[TimeControl "40/5400+30:1800+30"]

1. Nf3 Nf6 2. g3 d5 3. Bg2 e6 4. O-O Be7 5. b3 O-O 6. c4 c5 7. e3 Nc6 8. Bb2 b6 9. Qe2 Bb7 10. Rd1 Rc8 11. Na3 {[%emt 0:09:55] A14: English Opening: 1...e6 with b3 by White.} Re8 $146 (11... Qc7 12. d4 cxd4 13. Nxd4 Nxd4 14. Rxd4 Qb8 15. Rad1 Rfd8 16. h4 h6 17. R4d3 Ba6 {1-0 Erigaisi,A (2778)-Margvelashvili,G (2531) Titled Tuesday intern op 23rd Jul Late blitz 2024 (4)}) 12. Nc2 Qc7 13. Rac1 {[%emt 0:02:43] The position is equal.} dxc4 14. bxc4 Na5 15. Bc3 Ne4 16. Bxa5 bxa5 17. Na3 a6 18. d3 Nd6 19. Nb1 Rb8 20. Nc3 Bc6 21. Ne5 Bxg2 22. Kxg2 f6 (22... Rb4 {looks sharper.} 23. Qf3 Bf6 24. Qc6 Rc8) 23. Nf3 $36 {[%emt 0:00:07][%mdl 2048] White fights for an advantage.} Qc6 24. Kg1 Rb4 25. Rc2 Bd8 (25... a4 $11) 26. Nd2 Bc7 (26... f5 $11) 27. Qf3 Qxf3 28. Nxf3 Rc8 29. Nd2 Kf7 30. Kf1 Ke7 31. Ke2 Kd7 32. Rb1 Rcb8 33. Rb3 Kc6 34. Rcb2 f5 35. a3 Rxb3 (35... Nxc4 $2 36. dxc4 R4b7 37. Rxb7 Rxb7 38. Rxb7 Kxb7 39. Kd3 $18) 36. Nxb3 Rd8 37. Na4 {[%emt 0:00:39] A dynamic duo of knights.} Nb7 38. d4 e5 $2 {[%emt 0:07:59] This move loses the game for Black.} (38... Bd6 $16 {was called for.} 39. h3 g6) 39. Nbxc5 (39. d5+ $142 Kd6 40. Nd4 cxd4 41. Rxb7) 39... Nxc5 $18 {[%emt 0:00:30] White is clearly better.} 40. Nxc5 {[%emt 0:00:08] [#] Ne6 is the strong threat.} (40. dxc5 e4 $11) 40... exd4 41. Ne6 (41. Nxa6 $6 Bb6 $11) 41... d3+ 42. Kd2 Rd7 43. Nd4+ Kc5 44. Rb7 {[%emt 0:00:18] Weighted Error Value: White=0.13 (very precise) /Black=0.18 (very precise)   Loses game:     	---       	Black=1      Mistake:       	White=1     	Black=2      Inaccurate:     	White=1     	---        OK:         	White=17    	Black=9      Best:        	---       	Black=4} (44. Nxf5 $2 {too greedy.} Rf7 (44... Kxc4 45. Rb7 $16) 45. Nd4 (45. Rb7 $2 Kc6 $19) 45... Rxf2+ (45... Kxc4 46. f4 $11) 46. Kc1 Rf1+ (46... Rxb2 $2 47. Kxb2 Kxc4 48. Nf3 $19) 47. Kd2 Kxc4 $19 (47... Rf2+ $2 48. Kc3 $19)) ({Of course not} 44. Kxd3 $6 Be5 $11) 1-0

[Event "FIDE WSTC Open 50 2025"]
[Site "Prague"]
[Date "2025.02.19"]
[Round "3.9"]
[White "Lesiege, Alexandre"]
[Black "David, Alberto"]
[Result "1/2-1/2"]
[Annotator "TA"]
[ECO "B13"]
[WhiteElo "2504"]
[BlackElo "2467"]
[PlyCount "54"]
[EventDate "2025.02.17"]
[EventType "team-tourn"]
[EventCountry "CZE"]
[SourceTitle "playchess.com"]
[Source "ChessBase"]
[SourceQuality "1"]
[TimeControl "40/5400+30:1800+30"]

1. e4 c6 2. d4 d5 3. exd5 cxd5 4. Bd3 Nc6 5. c3 Qc7 6. h3 Nf6 {[%emt 0:02:44] 6...e6 might become the main line.} 7. Ne2 {[%emt 0:00:35] B13: Caro-Kann: Exchange Variation and Panov-Botvinnik Attack.} g6 8. Bf4 Qb6 9. Qb3 {[%emt 0:00:15] White is slightly better.} Qd8 10. O-O Bg7 11. Nd2 O-O 12. Nf3 b6 13. Qc2 $146 (13. Ng3 Bb7 14. Rfe1 e6 15. Rad1 Ne7 16. Qc2 Rc8 17. Qd2 Nf5 18. Nxf5 exf5 19. Bh6 {1-0 Naboulet,P (1829)-Roman,R (2078) Vicente Lopez ProAm 100 Years op 2022 (5)}) 13... Bb7 14. Ng3 Qc8 15. Qe2 Nd7 16. Rfe1 Re8 17. Ne5 Ncxe5 18. dxe5 Nc5 19. Rad1 Ne6 20. Bc1 d4 21. c4 Nc5 22. Bb1 Qc6 {[%emt 0:01:03][%csl Gb7][%cal Rc6g2] [#]} 23. f4 Rad8 24. b4 Na4 {[%emt 0:01:37] And now ...Nc3 would win.} ({Much worse is} 24... d3 $6 25. Qf2 (25. Bxd3 $2 {perishes.} Nxd3 26. b5 Qxc4 $19) 25... Ne6 (25... Na6 $2 26. b5 $18) 26. Bxd3 $16) 25. Be4 Qc7 26. Bxb7 Qxb7 27. Bd2 Qc6 {[%emt 0:06:43] Weighted Error Value: White=0.07 (flawless) /Black=0.05 (flawless)   Inaccurate:     	White=2     	Black=2      OK:         	White=8     	Black=11     Best:        	White=2     	---} 1/2-1/2

[Event "FIDE WSTC Open 50 2025"]
[Site "Prague"]
[Date "2025.02.19"]
[Round "3.10"]
[White "Godena, Michele"]
[Black "Duong, Thanh Nha"]
[Result "1/2-1/2"]
[Annotator "TA"]
[ECO "C42"]
[WhiteElo "2439"]
[BlackElo "2168"]
[PlyCount "42"]
[EventDate "2025.02.17"]
[EventType "team-tourn"]
[EventCountry "CZE"]
[SourceTitle "playchess.com"]
[Source "ChessBase"]
[SourceQuality "1"]
[TimeControl "40/5400+30:1800+30"]

1. e4 e5 2. Nf3 Nf6 3. Nxe5 d6 4. Nf3 Nxe4 5. c4 Be7 6. d4 O-O 7. Bd3 d5 8. O-O c6 9. Qc2 {[%emt 0:32:50] C42: Petroff Defence: 3 Nxe5 and unusual White 3rd moves.} Nf6 10. h3 Na6 11. a3 {[%emt 0:02:29] White has an edge. Prevents Nb4} dxc4 12. Bxc4 Nc7 13. Bf4 $146 (13. Nc3 Be6 14. Bd3 h6 15. Bd2 Qd7 16. Rfe1 Rfd8 17. Rad1 c5 18. Ne4 cxd4 19. Ne5 {1-0 Luther,T (2545)-Olape,B (2256) Olympiad-39 Khanty-Mansiysk 2010 (1.1)}) 13... Ncd5 14. Be5 h6 15. Nbd2 Be6 16. Rfe1 Re8 17. Rac1 Nd7 18. Bg3 N7f6 19. Be5 Nd7 20. Bg3 N7f6 21. Be5 Nd7 {Weighted Error Value: White=0.13 (very precise) /Black=0.04 (flawless)   OK:         	White=4     	Black=9} 1/2-1/2

[Event "FIDE WSTC Open 50 2025"]
[Site "Prague"]
[Date "2025.02.19"]
[Round "3.11"]
[White "Berube, Richard"]
[Black "Bellini, Fabio"]
[Result "0-1"]
[Annotator "RC"]
[ECO "B12"]
[WhiteElo "2121"]
[BlackElo "2408"]
[PlyCount "76"]
[EventDate "2025.02.17"]
[EventType "team-tourn"]
[EventCountry "CZE"]
[SourceTitle "playchess.com"]
[Source "ChessBase"]
[SourceQuality "1"]
[TimeControl "40/5400+30:1800+30"]

1. e4 c6 2. d4 d5 3. e5 Bf5 4. Nf3 e6 5. Be2 Ne7 6. O-O Nc8 7. Nbd2 Be7 8. Re1 Bg6 9. Nb3 Nd7 10. Be3 Qc7 11. a4 O-O 12. c3 a5 13. Nc1 c5 14. Nd3 Ncb6 15. Nf4 Be4 16. Rc1 Bxf3 17. Bxf3 Nc4 18. b3 Nxe3 19. fxe3 Bg5 20. c4 cxd4 21. cxd5 Qxe5 22. dxe6 fxe6 23. Rc4 Rad8 24. Qxd4 Bxf4 25. Qxe5 Bxe5 26. Bxb7 Rb8 27. Bc6 Nf6 28. Bb5 Rbd8 29. Rc5 Rd5 30. Rc6 Ng4 31. Bc4 Bxh2+ 32. Kh1 Rg5 33. Bxe6+ Kh8 34. Bxg4 Bg3 35. Rec1 Rxg4 36. R6c4 Rg5 37. Rc8 Rh5+ 38. Kg1 Bh2+ 0-1

[Event "FIDE WSTC Open 50 2025"]
[Site "Prague"]
[Date "2025.02.19"]
[Round "3.12"]
[White "Bellia, Fabrizio"]
[Black "Chabot, Roland"]
[Result "1-0"]
[Annotator "RC"]
[ECO "B81"]
[WhiteElo "2393"]
[BlackElo "2038"]
[PlyCount "56"]
[EventDate "2025.02.17"]
[EventType "team-tourn"]
[EventCountry "CZE"]
[SourceTitle "playchess.com"]
[Source "ChessBase"]
[SourceQuality "1"]
[TimeControl "40/5400+30:1800+30"]

1. e4 c5 2. Nf3 e6 3. d4 cxd4 4. Nxd4 Nf6 5. Nc3 d6 6. g4 h6 7. Rg1 Nc6 8. Be3 d5 9. exd5 Nxd5 10. Nxd5 Qxd5 11. Bg2 Qc4 12. Nxc6 bxc6 13. Qd4 Qxd4 14. Bxd4 Bd7 15. O-O-O f6 16. Rge1 h5 17. g5 Be7 18. g6 a5 19. Bh3 f5 20. Bxf5 Bg5+ 21. Kb1 O-O-O 22. Be4 Bf4 23. Bxg7 Rhg8 24. Bc3 Bc7 25. g7 e5 26. Rg1 Bg4 27. Rxd8+ Rxd8 28. Bh7 Rh8 1-0

[Event "FIDE WSTC Open 50 2025"]
[Site "Prague"]
[Date "2025.02.19"]
[Round "3.13"]
[White "Titscher, Libor"]
[Black "Kazhgaleyev, Murtas"]
[Result "0-1"]
[Annotator "TA"]
[ECO "A10"]
[WhiteElo "2147"]
[BlackElo "2495"]
[PlyCount "120"]
[EventDate "2025.02.17"]
[EventType "team-tourn"]
[EventCountry "CZE"]
[SourceTitle "playchess.com"]
[Source "ChessBase"]
[SourceQuality "1"]
[TimeControl "40/5400+30:1800+30"]

1. c4 {[%emt 0:00:04] ChessBase II} b6 2. Nf3 Bb7 3. Nc3 Bxf3 4. gxf3 c5 5. d4 cxd4 {[%emt 0:00:29] Black is weak on the light squares} 6. Qxd4 {[%emt 0:00:08] A10: English Opening: Unusual Replies for Black.} Nc6 7. Qd2 g6 8. b3 {[%emt 0:00:53] White is better.} Bg7 9. Bb2 Nf6 10. f4 O-O 11. Bg2 {[%emt 0:03:32] Prevents d5} Rc8 12. Rd1 $146 ({Predecessor:} 12. O-O-O Nb8 13. Kb1 Rc5 14. Bf3 d6 15. h4 Qd7 16. h5 Nxh5 17. Bxh5 Rxh5 18. Rxh5 gxh5 {1-0 Naivelt,M-Lutsker,E URS-chT10 corr9194 1991}) 12... Re8 13. e3 a6 14. Ne2 (14. Qe2 $14) 14... d6 (14... b5 $11) 15. f5 ({White should try} 15. Rc1 $14) 15... b5 $11 16. fxg6 hxg6 17. cxb5 axb5 18. Nf4 Qa5 19. Rc1 (19. Qxa5 {simplifies} Nxa5 20. Ba3 d5 21. Nxd5 Nxd5 22. Rxd5 Rc2 23. O-O) 19... Qxd2+ 20. Kxd2 Ne5 21. h3 e6 22. Rxc8 Rxc8 23. Rc1 Rd8 24. Rc7 Ne8 25. Rb7 Ra8 26. Kc2 (26. Rxb5 Rxa2 27. Kc1 Nd7 $11) (26. a3 $14) 26... d5 (26... Rxa2 $11 {was preferable.} 27. Kb1 Ra8) 27. Kb1 (27. Rxb5 $5 g5 (27... Rxa2 28. Kb1 $11) 28. Nh5 $16) 27... Nd6 28. Rc7 Rd8 29. Bf1 b4 30. Nd3 Nxd3 31. Bxd3 e5 32. a4 bxa3 33. Bxa3 e4 34. Be2 d4 35. exd4 Bxd4 36. Bc5 Bxc5 37. Rxc5 {[%emt 0:00:01][%mdl 4096] Endgame KRB-KRN} Nf5 38. Re5 Rb8 39. Bc4 Kg7 40. Kc2 Nd6 41. Rd5 Nxc4 42. bxc4 {[%emt 0:00:18] KR-KR} Kf6 43. Kc3 Ke6 44. Rg5 Rd8 45. Rg3 {[%emt 0:01:30] Repels Rd3+} Rd1 46. Kb4 $2 (46. c5 $15) 46... Rd2 $1 $19 47. Re3 Ke5 (47... Rxf2 48. Rxe4+ Kd6 49. Re8 $11) 48. f3 f5 49. fxe4 Kf4 ({Not} 49... fxe4 50. Kc3 Rd6 51. c5 $17) ({Better is} 49... Kd4 $19 50. Rg3 fxe4 (50... Kxe4 51. Rxg6 f4 52. c5 $11) 51. Rxg6 Rb2+ 52. Ka3 Rc2) 50. Re1 $11 {[%emt 0:04:35] aiming for e5.} fxe4 51. Rg1 g5 52. Rg4+ Kf5 53. Rg3 Rd8 54. c5 Re8 {[%emt 0:00:15] ...e3 would now be deadly.} 55. c6 $2 (55. Kc3 $11) 55... e3 $19 56. c7 {[%emt 0:00:16] [#]} Kf4 $1 57. Rg4+ {[%emt 0:00:50] [#]} Kf3 $1 {[%emt 0:00:21] ( -> ...e2)} 58. Kc5 e2 {[%emt 0:00:16] Black mates.} 59. Rg1 e1=Q ({Weaker is} 59... e1=B 60. Rxg5 (60. Rxe1 $2 Rxe1 61. Kd6 Rc1 $19) 60... Ba5 61. Kd6 Bxc7+ 62. Kxc7 $11) 60. Rxe1 Rxe1 {[%emt 0:00:04] Weighted Error Value: White=0.41/Black=0.13 (very precise)   Loses game:     	White=2     	---        Missed win:     	---       	Black=1      Mistake:       	White=3     	Black=2      Inaccurate:     	White=5     	Black=2      OK:         	White=18    	Black=18     Best:        	---       	Black=4      Strong:       	---       	Black=1} 0-1

[Event "FIDE WSTC Open 50 2025"]
[Site "Prague"]
[Date "2025.02.19"]
[Round "3.14"]
[White "Kotsur, Pavel"]
[Black "Schulenburg, Bernd"]
[Result "1-0"]
[Annotator "TA"]
[ECO "A30"]
[WhiteElo "2478"]
[BlackElo "2144"]
[PlyCount "55"]
[EventDate "2025.02.17"]
[EventType "team-tourn"]
[EventCountry "CZE"]
[SourceTitle "playchess.com"]
[Source "ChessBase"]
[SourceQuality "1"]
[TimeControl "40/5400+30:1800+30"]

1. c4 c5 2. Nf3 Nf6 3. Nc3 b6 4. d4 cxd4 5. Nxd4 Bb7 6. f3 g6 7. e4 {[%emt 0:00:50] A31: Symmetrical English: 2 Nf3 Nf6 3 d4.} d6 8. Be3 Bg7 9. Qd2 {[%emt 0:00:17] White is better.} Nc6 10. Nxc6 Bxc6 11. Bh6 $146 (11. Rc1 O-O 12. Bh6 e6 13. h4 d5 14. Bxg7 Kxg7 15. cxd5 exd5 16. Ne2 Bb5 17. e5 {½-½ Kauko,P (2007)-Sorvari,J (2070) FIN-chT1A 1617 2016 (1.4)}) 11... Bxh6 12. Qxh6 e5 (12... Qc8 $14) 13. O-O-O Qe7 14. Kb1 O-O-O $1 15. Be2 Kb8 16. Rd2 Rd7 17. Rhd1 Ne8 18. Nd5 Qd8 19. g3 {[%emt 0:03:16] White is much more active.} Bxd5 20. cxd5 Rc7 {[%emt 0:01:32] Black is weak on the light squares} 21. Bb5 f5 22. f4 (22. Qe3 $14) 22... Nf6 23. exf5 gxf5 (23... Ng4 $11 24. Qh3 Ne3) 24. fxe5 $16 Ne4 25. exd6 Nxd2+ $4 {[%emt 0:01:39][%mdl 8192] [#]} (25... Qxd6 $16 {was necessary.} 26. Qxd6 Nxd6) 26. Rxd2 $18 Rc5 (26... Rd7 27. Bxd7 Qxd7) 27. Bc6 Qf8 {[%emt 0:04:25] Wards off Qg7} 28. Qf4 {[%emt 0:01:21] Weighted Error Value: White=0.14 (very precise) /Black=0.71  Loses game:     	---       	Black=1      Mistake:       	White=1     	Black=3      Inaccurate:     	White=2     	Black=1      OK:         	White=5     	Black=5      Best:        	White=1     	---        Strong:       	---       	Black=1} 1-0